 Dungeon Crawl Stone Soup version 0.14.0-26-g1682e81 (webtiles) character file.

83 sprout the Practitioner (level 3, -5/21 HPs)
             Began as a Gargoyle Healer on Apr 26, 2014.
             Was a Believer of Elyvilon.
             Killed by nerve-wracking pain
             ... invoked by Jessica
              (7 damage)
             ... on Level 2 of the Dungeon.
             The game lasted 00:07:19 (2015 turns).

sprout the Practitioner (Gargoyle Healer)           Turns: 2015, Time: 00:07:19

HP  -5/21        AC  6     Str 15      XL: 3   Next: 54%
MP   0/5         EV 12     Int 12      God: Elyvilon [**....]
Gold 41          SH  0     Dex 10      Spells:  0 memorised,  2 levels left

rFire  + . .     SeeInvis .     (no weapon)
rCold  + . .     Clarity  .     a - +1 robe
rNeg   + . .     Conserve .     (no shield)
rPois  +         rCorr    .     (no helmet)
rElec  +         rRot     +     (no cloak)
SustAb . .       Spirit   .     (no gloves)
rMut   .         Warding  .     (no boots)
Saprov . . .     Stasis   .     (no amulet)
MR     .....                    (no ring)
                                (no ring)

@: not resistant to hostile enchantments, unstealthy
A: life protection 1, electricity resistance, unbreathing, petrification
resistance, AC +3
a: Lesser Healing, Lesser Self-Healing, Divine Protection, Purification,
Renounce Religion


You were on level 2 of the Dungeon.
You worshipped Elyvilon.
Elyvilon was pleased with you.
You were not hungry.

You visited 1 branch of the dungeon, and saw 2 of its levels.

You collected 41 gold pieces.

Inventory:

Armour
 a - a +1 robe (worn)
Scrolls
 d - 3 scrolls of enchant weapon I {unknown}
 f - a scroll of blinking {unknown}
 g - 3 scrolls of enchant weapon II {unknown}
 h - 2 scrolls of noise {unknown}
 i - a scroll of fog {unknown}
 l - 3 scrolls of identify {unknown}
 m - a scroll of fear {unknown}
 n - 3 scrolls of remove curse {unknown}
 o - a scroll of immolation {unknown}
Potions
 b - 3 potions of curing


   Skills:
 + Level 2.0 Fighting
 + Level 2.1 Dodging
 + Level 3.8 Invocations


You had 2 spell levels left.
You didn't know any spells.

Dungeon Overview and Level Annotations

Branches:
Dungeon (2/15)

Altars:

Annotations:
D:2 Jessica


Innate Abilities, Weirdness & Mutations

You are resistant to torment.
You are immune to poison.
You are immune to rotting.
Your stone body is very resilient (AC +3).
You resist negative energy.
You are resistant to electric shocks.
You can survive without breathing.
You are immune to petrification.


Message History

Jessica hits you but does no damage. x2
Jessica hits you.
You can move again.
Jessica shouts, "Stop bothering me, or I'll kill you!"
Use which ability? (? or * to list)
Press: ? - help, Dir - move target cursor, f/p - Jessica Heal: Jessica wearing a runed robe (moving very quickly)
The light of Elyvilon fails to reach Jessica.
You feel somewhat more hungry. Jessica casts a spell at you. You resist.
Jessica hits you. Jessica hits you.
Jessica casts a spell.
Jessica blinks!
Jessica casts a spell at you. Pain shoots through your body!
* * * LOW HITPOINT WARNING * * *
Jessica casts a spell at you. Pain shoots through your body!
You die...

#.#.####.##.#.####........#
#.#.####.##.#.#
#........######
..............#
##............#
...########.###
#....#..####.# ...# #.#
##.####..###.. ...# #.#
#.............. ...######
#.# #.......##..
........###.######.......#
...
................@...ยง....#
.
........###.######@......#
...#.#### . #.......#
...#.# #.......# ...#.#
##.###### ...#.# #....#
...#.###.# #....%.#
.........# ......SS#
#.#####..# #........#


You could see Jessica.

Vanquished Creatures
  An ooze (D:2)
  A goblin (D:1)
  6 giant cockroaches (D:1)
8 creatures vanquished.

Vanquished Creatures (others)
  An adder (D:2)
  A giant cockroach (D:2)
  2 hobgoblins
  A goblin (D:2)
  A kobold (D:1)
  A rat (D:2)
7 creatures vanquished.

Grand Total: 15 creatures vanquished

Notes
Turn   | Place    | Note
--------------------------------------------------------------
     0 | D:1      | sprout, the Gargoyle Healer, began the quest for the Orb.
     0 | D:1      | Reached XP level 1. HP: 12/12 MP: 2/2
   372 | D:1      | Reached XP level 2. HP: 12/16 MP: 4/4
  1640 | D:2      | Reached XP level 3. HP: 11/21 MP: 1/5
  1977 | D:2      | Noticed Jessica
  2001 | D:2      | Paralysed by a potion of paralysis for 7 turns
  2015 | D:2      | Killed from afar by Jessica

Action                   || total
-------------------------++-------
Melee: Unarmed           ||   138
Invok: Lesser Healing    ||    58
  Use: Potion            ||     5
